 Dungeon Crawl Stone Soup version 0.30-a0-141-g30f27751c5 (webtiles) character file.

Game seed: 660245650559731739

68 greasedhog the Conjurer (level 4, -3/26 HPs)
             Began as a Gargoyle Conjurer on Sept 25, 2022.
             Slain by an orc
             ... wielding a +0 mace
              (6 damage)
             ... on level 2 of the Dungeon.
             The game lasted 00:01:45 (1767 turns).

greasedhog the Conjurer (Gargoyle Conjurer)         Turns: 1767, Time: 00:01:45

Health: -3/26      AC:  5    Str: 10    XL:     4   Next: 19%
Magic:  2/8        EV: 11    Int: 21    God:
Gold:   85         SH:  0    Dex:  8    Spells: 5/8 levels left

rFire   . . .      SeeInvis .    e - +1 whip
rCold   . . .      Faith    .    (no shield)
rNeg    + . .      Spirit   .    a - +0 robe
rPois   ∞          Reflect  .    (no helmet)
rElec   +          Harm     .    (no cloak)
rCorr   .          Rampage  .    (no gloves)
Will    .....                    (no boots)
Stlth   ++........               (no amulet)
HPRegen 0.08/turn                (no ring)
MPRegen 0.11/turn                (no ring)

@: no status effects
A: sickness immunity, AC +3, negative energy resistance 1, electricity
resistance, torment resistance 1, petrification resistance
a: no special abilities


You were on level 2 of the Dungeon.
You visited 1 branch of the dungeon, and saw 2 of its levels.

You collected 85 gold pieces.

Inventory:

Hand Weapons
 e - a +1 whip (weapon)
Armour
 a - a +0 robe (worn)
Scrolls
 c - a scroll of brand weapon {unknown}
 d - a scroll of teleportation {unknown}
 f - a scroll of identify
Potions
 b - a potion of magic
 g - 2 potions of resistance {unknown}


   Skills:
 * Level 2.2 Fighting
 - Level 1.5 Dodging
 - Level 2.1 Stealth
 * Level 2.8 Spellcasting
 * Level 5.0 Conjurations


You had 5 spell levels left.
You knew the following spells:

 Your Spells              Type           Power      Damage    Failure   Level
a - Magic Dart            Conj           96%        1d7       1%          1
b - Searing Ray           Conj           48%        2d6       2%          2

Your spell library contained the following spells:

 Spells                   Type           Power      Damage    Failure   Level
 Summon Small Mammal      Summ           8%         N/A       14%         1
 Dazzling Flash           Conj/Hex       26%        N/A       14%         3
 Summon Guardian Golem    Hex/Summ       2%         N/A       38%         3
 Fulminant Prism          Conj/Hex       6%         3d7       43%         4
 Iskenderun's Mystic Bla  Conj/Tloc      13%        2d5       43%         4
 Dragon Form              Tmut           1%         N/A       100%        7
 Summon Horrible Things   Summ           1%         N/A       100%        8


Dungeon Overview and Level Annotations

Branches:
Dungeon (2/15)

Altars:


Innate Abilities, Weirdness & Mutations

You are immune to sickness and miasma.
Your stone body is resilient. (AC +3)
You are immune to poison.
You resist negative energy. (rN+)
You are resistant to electric shocks. (rElec)
You are resistant to unholy torment.
You are immune to petrification.


Message History

The searing ray hits the orc but does no damage.
The orc is heavily wounded.
The searing ray hits the orc priest.
The orc priest is moderately wounded.
The searing ray hits the orc!
You kill the orc!
The searing ray hits the orc priest.
The orc priest is heavily wounded.
The orc priest invokes the aid of Beogh against you.
Pain shoots through your body!
Without enough magic to sustain it, your searing ray dissipates.
The orc priest hits you with a +0 short sword.
Items here: $ )) [ †.
You hit the orc priest.
The orc priest is severely wounded.
The orc priest hits you but does no damage.
You hit the orc priest.
You kill the orc priest!
Your Fighting skill increases to level 2!
Your Conjurations skill increases to level 5!
You have reached level 4!
You feel clever.
You start resting.
An orc comes into view. It is wielding a +0 mace.
The magic dart hits the orc but does no damage.
The magic dart hits the orc but does no damage.
The magic dart hits the orc.
The orc is lightly wounded.
The orc hits you with a +0 mace.
You barely miss the orc.
The orc is lightly wounded.
The orc closely misses you.
You hit the orc.
The orc is severely wounded.
The orc hits you with a +0 mace!
* * * LOW HITPOINT WARNING * * *
You hit the orc but do no damage.
The orc is severely wounded.
The orc hits you with a +0 mace.
You die...

#.### ##+## #..###.#
#. #.# #......# # #.#
#####.####.# #
##.###.......##.#
###.##...##.###......#
..............###.##.#
...##...##.#........#
##.###.#####.#### #
#@# #.#####.# ... #o#
#.......# ##...####.#
######### ..........#
.....K.#..#
.8...8.#..#
..oo...#..#
.......#..#
.o..o..#...


You could see an orc.

Vanquished Creatures
  An orc priest (D:2)
  A dart slug (D:2)
  2 orcs (D:2)
  4 endoplasms
  A giant cockroach (D:2)
  3 goblins (D:1)
  2 hobgoblins (D:1)
  3 jackals (D:1)
  5 kobolds
  2 ball pythons (D:1)
  5 bats
  2 frilled lizards (D:1)
  3 rats (D:1)
34 creatures vanquished.

Notes
Turn   | Place    | Note
-------+----------+-------------------------------------------
     0 | D:1      | greasedhog the Gargoyle Conjurer began the quest for the
                  | Orb.
     0 | D:1      | Reached XP level 1. HP: 10/10 MP: 3/3
    11 | D:1      | Got the Meditations on Mutable Leadership
   171 | D:1      | Reached XP level 2. HP: 14/16 MP: 0/5
   299 | D:1      | Reached skill level 1 in Fighting
   302 | D:1      | Learned a level 2 spell: Searing Ray
   754 | D:1      | Reached XP level 3. HP: 20/20 MP: 0/6
  1731 | D:2      | Reached skill level 5 in Conjurations
  1731 | D:2      | Reached XP level 4. HP: 12/26 MP: 1/8
  1767 | D:2      | Slain by an orc

Illustrated notes

Levels and vault maps discovered:
D:1:      sevenhm_arrival_forest_fort_small_4, layout_basic
D:2:      cheibrodos_pilgrimage, layout_loops_corners, serial_shops,
          nicolae_shop_overgrown_old_shop

Skill      XL: |  1  2  3 |
---------------+----------+-----
Fighting       | 1 2 |  2.2
Conjurations   | 5 |  5.0
Dodging        | |  1.5
Stealth        | |  2.1
Spellcasting   | |  2.8

Action                   |  1- 3 |  4- 6 || total
-------------------------+-------+-------++-------
Melee: Unarmed           |     5 |       ||     5
       Whip              |     4 |     3 ||     7
 Cast: Magic Dart        |    47 |     3 ||    50
       Searing Ray       |     1 |       ||     1
  Use: Scroll            |     3 |       ||     3
Armor: Robe              |     5 |       ||     5
Dodge: Dodged            |    10 |     1 ||    11

Table legend: (Time is in decaauts)
 A = Elapsed time spent in this place.
 B = Non-inter-level travel time spent in this place.
 C = Inter-level travel time spent in this place.
 D = Time resting spent in this place.
 E = Time spent auto-exploring this place.
 F = Levels seen in this place.
 G = Mean time per level.
                   A        B        C        D        E       F      G
               +--------+--------+--------+--------+--------+-----+--------+
         Total |   1766 |   1723 |     43 |    184 |   1402 |   2 |  883.0 |
       Dungeon |   1766 |   1723 |     43 |    184 |   1402 |   2 |  883.0 |
               +--------+--------+--------+--------+--------+-----+--------+

Top non-repeatable levels by time:
     D:1: 1533 daAuts
     D:2: 233 daAuts
